 Dungeon Crawl Stone Soup version 0.23.2-1-ga50397a (webtiles) character file.

Game seed: 5844183457618499315

799 Kairos the Chopper (level 7, -1/63 HPs)
             Began as a Deep Dwarf Fighter on Apr 24, 2019.
             Was a Follower of Fedhas.
             Splashed by Ijyb's acid (16 damage)
             ... on level 5 of the Dungeon.
             The game lasted 00:05:57 (3783 turns).

Kairos the Chopper (Deep Dwarf Fighter)             Turns: 3783, Time: 00:05:59

Health: -1/63      AC:  9    Str: 22    XL:     7   Next: 59%
Magic:  7/7        EV:  6    Int: 11    God:    Fedhas [*.....]
Gold:   247        SH: 10    Dex: 12    Spells: 6/6 levels left

rFire    . . .     SeeInvis .   b - +8 flail of Tanosias {crush, +Blink}
rCold    . . .     Gourm    .   c - +0 shield
rNeg     . . .     Faith    .   s - +0 chain mail
rPois    .         Spirit   .   g - +1 helmet {Int+3}
rElec    .         Reflect  .   (no cloak)
rCorr    .         Harm     .   (no gloves)
MR       +....     Rnd*Tele +   r - +0 pair of boots
Stlth    ..........             (no amulet)
HPRegen  0.00/turn              n - ring of teleportation (curse)
MPRegen  0.10/turn              (no ring)

@: lethally poisoned (-1 -> -17), corroded, non-regenerating
A: damage resistance, heal wounds, sense surroundings 1, no regeneration
a: Heal Wounds, Fungal Bloom, Sunlight, Renounce Religion, Evoke Blink


You were on level 5 of the Dungeon.
You worshipped Fedhas.
Fedhas was aware of your devotion.
You were not hungry.

You visited 1 branch of the dungeon, and saw 5 of its levels.

You collected 247 gold pieces.

Inventory:

Hand Weapons
 a - a +2 war axe
 b - the +8 flail of Tanosias (weapon) {crush, +Blink}
   (You found it on level 4 of the Dungeon)

   It inflicts extra damage upon your enemies.
   It lets you blink.
 v - the +7 dagger of the Equator {elec, rF+ Dex+3, unknown}
   (You found it on level 5 of the Dungeon)

   Occasionally, upon striking a foe, it will discharge some electrical energy
   and cause terrible harm.
   It affects your dexterity (+3).
   It protects you from fire.
Missiles
 l - 3 poisoned tomahawks (quivered)
Armour
 c - a +0 shield (worn)
 g - a +1 helmet of intelligence (worn)
 r - a +0 pair of boots (worn)
 s - a +0 chain mail (worn)
Jewellery
 n - a cursed ring of teleportation (left hand)
Scrolls
 i - a scroll of magic mapping
 q - 2 scrolls of teleportation
 t - 2 scrolls of enchant weapon
 w - a scroll of identify
Potions
 d - 2 potions of might
 e - 2 potions of curing {unknown}
 h - 3 potions of agility
 j - 4 potions of heal wounds
 k - a potion of lignification
 m - a potion of resistance {unknown}
 o - a potion of brilliance {unknown}
 u - a potion of haste
Comestibles
 f - 8 rations
 p - 3 chunks of flesh


   Skills:
 + Level 3.8 Fighting
 * Level 6.1(6.4) Axes
 + Level 2.6(4.4) Maces & Flails
 + Level 4.9 Armour
 + Level 2.0 Dodging
 + Level 4.9 Shields


You had 6 spell levels left.
You didn't know any spells.
Your spell library was empty.

Dungeon Overview and Level Annotations

Branches:
Dungeon (5/15)             Temple (0/1) D:4

Altars:
Fedhas
Gozag
Nemelex Xobeh
Sif Muna
Trog
Wu Jian
Xom

Shops:
D:4 (

Annotations:
D:5 Ijyb


Innate Abilities, Weirdness & Mutations

You are resistant to damage.
You can heal yourself by infusing magical energy.
You passively map a small area around you.
You do not regenerate.


Message History

You are more poisoned.
Your chain mail prevents you from hitting Ijyb.
You feel sick. Ijyb hits you but does no damage.
You are more poisoned.
You hit Ijyb but do no damage.
You feel very sick. You block Ijyb's attack.
You closely miss Ijyb.
You feel very sick. Ijyb hits you but does no damage.
You are more poisoned.
You hit Ijyb but do no damage.
You feel very sick. Ijyb hits you but does no damage.
You are more poisoned.
Ijyb zaps a wand.
The bolt of acid hits you!!
* * * LOW HITPOINT WARNING * * *
The acid corrodes you!
You are splashed with acid!
You die...
Fedhas appreciates your contribution to the ecosystem.

#.######.####.#.###.#### #.#
#.........##...### #.#
#.####..##.......# ** * #.#
#.###.#.##.##.#.........,
#.###.##.###.#.##.#..####...
* #.........#.......#..# *
######.####..##.####..#
#...##.......##.####..#. ,,
#...########.##.@g......
......# #...######.... ,, *
......# #...# * . , ......#
#...# ,* ......# #...# *
#####.# #...# * ,,, #
#.#####...#####. * * #
#...............* * #
#...........#... ,


You could see Ijyb.

Vanquished Creatures
  Sigmund (D:5)
  A phantom (D:4)
  An ogre (D:5)
  A gnoll shaman (D:5)
  2 orc priests (D:3)
  An orc wizard (D:3)
  Jessica (D:3)
  Natasha (twice) (D:3)
  A worker ant (D:5)
  7 gnolls
  5 adders
  A shadow imp (D:5)
  An ooze (D:1)
  6 worms
  2 dart slugs
  3 leopard geckos
  19 orcs
  3 ball pythons
  6 giant cockroaches
  12 goblins
  4 hobgoblins
  8 jackals
  6 kobolds
  A quokka (D:4)
  6 bats
  5 frilled lizards
  A jackal skeleton (D:4)
  A quokka skeleton (D:5)
  5 rats
113 creatures vanquished.

Notes
Turn   | Place    | Note
-------+----------+-------------------------------------------
     0 | D:1      | Kairos the Deep Dwarf Fighter began the quest for the Orb.
     0 | D:1      | Reached XP level 1. HP: 20/20 MP: 1/1
    85 | D:1      | Reached XP level 2. HP: 24/27 MP: 2/2
   220 | D:1      | Reached XP level 3. HP: 26/34 MP: 3/3
   710 | D:2      | Reached skill level 3 in Axes
   862 | D:2      | Reached XP level 4. HP: 42/42 MP: 4/4
  1345 | D:2      | Found a sparkling altar of Nemelex Xobeh.
  1755 | D:3      | Reached skill level 4 in Axes
  1755 | D:3      | Reached skill level 1 in Dodging
  1755 | D:3      | Reached XP level 5. HP: 39/49 MP: 5/5
  1783 | D:3      | Found an opulent altar of Gozag.
  1786 | D:3      | Noticed Jessica
  1796 | D:3      | Killed Jessica
  1879 | D:3      | Reached XP level 6. HP: 29/56 MP: 6/6
  2091 | D:3      | Found a sparkling altar of Nemelex Xobeh.
  2091 | D:3      | Found a faded altar of an unknown god.
  2096 | D:3      | Found a shimmering altar of Xom.
  2098 | D:3      | Found a faded altar of an unknown god.
  2099 | D:3      | Found an ornate altar of the Wu Jian Council.
  2256 | D:3      | Noticed Natasha
  2263 | D:3      | Killed Natasha
  2263 | D:3      | Reached skill level 5 in Axes
  2318 | D:3      | Became a worshipper of Fedhas Madash
  2318 | D:3      | Reached * piety under Fedhas
  2396 | D:3      | Noticed Natasha
  2403 | D:3      | Killed Natasha
  2590 | D:4      | Got a scorched flail
  2591 | D:4      | Identified the +8 flail of Tanosias {crush, +Blink} (You
                  | found it on level 4 of the Dungeon)
  2907 | D:4      | Found a deep blue altar of Sif Muna.
  3029 | D:4      | Found a staircase to the Ecumenical Temple.
  3087 | D:4      | Found Homigh's Weapon Emporium.
  3360 | D:5      | Entered Level 5 of the Dungeon
  3364 | D:5      | Reached skill level 1 in Maces & Flails
  3364 | D:5      | Reached XP level 7. HP: 52/62 MP: 7/7
  3697 | D:5      | Noticed Sigmund
  3730 | D:5      | Found a bloodstained altar of Trog.
  3741 | D:5      | Killed Sigmund
  3741 | D:5      | Reached skill level 6 in Axes
  3745 | D:5      | Got a polished dagger
  3775 | D:5      | Noticed Ijyb
  3783 | D:5      | Splashed by Ijyb's acid

Skill      XL: |  1  2  3  4  5  6  7 |
---------------+----------------------+-----
Fighting       | 3 |  3.8
Axes           | 3 4 5 6 |  6.1
Shields        | 4 |  4.9
Armour         | 4 |  4.9
Dodging        | 1 2 |  2.0
Maces & Flails | 1 2 |  2.6

Action                   |  1- 3 |  4- 6 |  7- 9 || total
-------------------------+-------+-------+-------++-------
Melee: War axe           |    99 |   152 |       ||   251
       Flail             |       |    39 |    51 ||    90
 Abil: Heal Wounds       |     2 |     1 |       ||     3
  Use: Scroll            |     3 |     8 |       ||    11
  Eat: Chunk             |       |     8 |     2 ||    10
Armor: Scale mail        |    52 |    45 |       ||    97
       Chain mail        |       |    17 |    20 ||    37
Dodge: Dodged            |    28 |    59 |     8 ||    95
Block: Shield            |    55 |    85 |    24 ||   164
